 Dungeon Crawl Stone Soup version 0.30-a0-728-gc68057be0a (webtiles) character file.

Game seed: 7648988660490268326

1289 lunkers the Slicer (level 9, -2/70 HPs)
             Began as a Meteoran Fighter on Jan 30, 2023.
             Was a Follower of Uskayaw.
             Slain by an ogre
             ... wielding a +0 giant spiked club
              (20 damage)
             ... on level 5 of the Dungeon.
             The game lasted 00:10:13 (3002 turns).

lunkers the Slicer (Meteoran Fighter)               Turns: 3002, Time: 00:10:14

Health: -2/70      AC:  8    Str: 19    XL:     9   Next: 10%
Magic:  14/14      EV: 10    Int:  9    God:    Uskayaw [*.....]
Gold:   218        SH:  5    Dex: 18    Spells: 8/8 levels left

rFire   . . .      SeeInvis .    b - +2 dagger (drain)
rCold   . . .      Faith    .    c - +0 buckler
rNeg    . . .      Spirit   .    p - +2 leather armour {Will+}
rPois   +          Reflect  .    r - +0 helmet
rElec   .          Harm     .    v - +0 cloak {rPois}
rCorr   .          Rampage  .    (no gloves)
Will    ++...                    i - +0 pair of boots
Stlth   +                        u - amulet of regeneration
HPRegen 1.11/turn                l - ring of flight
MPRegen 0.14/turn                (no ring)

@: flying, glowing
A: sense surroundings 2, otherworldly, glowing, explore regen
a: Renounce Religion, Stomp


You were on level 5 of the Dungeon.
You worshipped Uskayaw.
Uskayaw was noncommittal.
You visited 2 branches of the dungeon, and saw 6 of its levels.

You collected 218 gold pieces.

Inventory:

Hand Weapons
 a - a +0 dagger of electrocution
 b - a +2 dagger of draining (weapon)
 h - a +0 long sword
Missiles
 y - 2 throwing nets (quivered)
Armour
 c - a +0 buckler (worn)
 i - a +0 pair of boots (worn)
 m - a +0 scale mail
 p - a +2 leather armour of willpower (worn)
 r - a +0 helmet (worn)
 v - a +0 cloak of poison resistance (worn)
Jewellery
 g - a ring of ice
 l - a ring of flight (left hand)
 u - an amulet of regeneration (around neck)
Wands
 n - a wand of flame (22)
 o - a wand of charming (4)
Scrolls
 e - 3 scrolls of teleportation
 j - a scroll of poison {unknown}
 s - a scroll of immolation {unknown}
 t - 2 scrolls of silence
 z - a scroll of identify
Potions
 d - 2 potions of might
 f - 4 potions of lignification
 k - a potion of ambrosia {unknown}
 q - a potion of flight {unknown}
 w - a potion of berserk rage
 x - a potion of curing


   Skills:
 - Level 3.2 Fighting
 + Level 8.3(9.1) Short Blades
 - Level 6.2(8.5) Long Blades
 - Level 3.6 Armour
 - Level 3.6 Shields
 + Level 5.4 Invocations


You had 8 spell levels left.
You didn't know any spells.
Your spell library contained the following spells:

 Spells                   Type           Power      Damage    Failure   Level
 Cigotuvi's Dreadful Rot  Necr/Pois/Air  0%         N/A       67%         2
 Ignite Poison            Fire/Tmut/Pois 0%         N/A       88%         3
 Kindle Blastsparks       Fire/Tloc/Air  0%         2d10      88%         3
 Tukima's Dance           Hex            0%         N/A       88%         3
 Dispel Undead            Necr           0%         3d6       99%         4
 Fulminant Prism          Conj/Hex       0%         3d5       99%         4
 Iskenderun's Mystic Bla  Conj/Tloc      0%         2d3       99%         4
 Passage of Golubria      Tloc           0%         N/A       99%         4
 Sticky Flame             Conj/Fire      0%         2d3       99%         4
 Lee's Rapid Deconstruct  Erth           0%         3d4*      100%        5
 Yara's Violent Unravell  Hex/Tmut       0%         3d3       100%        5
 Death Channel            Necr           0%         N/A       100%        6
 Malign Gateway           Summ/Tloc      0%         N/A       100%        7
 Ignition                 Fire           0%         3d3       100%        8
 Summon Horrible Things   Summ           0%         N/A       100%        8


Dungeon Overview and Level Annotations

Branches:
Dungeon (5/15) Zot: 317    Temple (1/1) D:4 Zot: 384

Altars:
Ashenzari
Cheibriados
Dithmenos
Fedhas
Kikubaaqudgha
Makhleb
Nemelex Xobeh
Ru
Trog
Uskayaw
Vehumet
Wu Jian
Xom
Yredelemnul
Zin
The Shining One


Innate Abilities, Weirdness & Mutations

You passively map the area around you.
You are easily found by Zot.
You glow in the dark.
You regain HP and MP as you explore.


Message History

The helpless gnoll fails to defend itself.
You perforate the gnoll like a sieve!!!
You kill the gnoll!
Uskayaw will force your foes to share their pain.
Uskayaw links your audience in an emotional bond!
The helpless gnoll fails to defend itself.
You impale the gnoll!!
You kill the gnoll!
The gnoll is no longer paralysed.
You block the gnoll's attack.
You hit the gnoll.
You kill the gnoll!
Items here: ) [[ †.
Okay, then.
Things that are here:
a +0 short sword; an orc corpse
Things that are here:
a +0 spear; a gnoll corpse
y - 2 throwing nets
Items here: )) ††.
Things that are here:
a +0 spear; a gnoll corpse You see here a +0 whip.
z - a scroll of identify
e - 3 scrolls of teleportation (gained 1)
An ogre comes into view. It is wielding a +0 giant spiked club.
The ogre shouts!
Unknown command.
The ogre hits you with a +0 giant spiked club!!
You hit the ogre. You drain the ogre.
The ogre is moderately wounded.
The ogre hits you with a +0 giant spiked club!!
* * * LOW HITPOINT WARNING * * *
You hit the ogre.
The ogre is heavily wounded.
You completely miss the ogre.
The ogre is heavily wounded.
You hit the ogre.
The ogre is heavily wounded.
The ogre hits you with a +0 giant spiked club!!
You die...

*
.....##+##...##.......#..#.#
* *
*.........#.......#.#######.#
*
.........#.................#
.................#.#########
...#.........[...#.# ,
#......######.#.# , ,,
#......#......#.###### , , ,
#......O.....##......# ,,,,
,.........@........###.# , ,
, ...................# #.# ,
......##...........# #.# ,
####. #...........###.# * * *
#. #...###.........# #...#
########### * * * , ..####
>,,.#.* * *# *


You could see an ogre (drained).

Vanquished Creatures
  Eustachio (D:4)
  Duvessa (D:4)
  2 ice beasts (D:5)
  A black bear (D:4)
  A phantom (D:5)
  Blork the orc (D:4)
  A gnoll sergeant (D:5)
  A scorpion (D:5)
  Dowan (D:4)
  A crimson imp (D:4)
  A jelly (D:4)
  2 hounds (D:4)
  An orc priest (D:4)
  Crazy Yiuf (D:4)
  Ijyb (D:3)
  2 iguanas (D:4)
  9 gnolls
  2 adders
  A white imp (D:4)
  2 worms (D:2)
  3 dart slugs
  14 orcs
  4 ball pythons
  5 bats
  6 endoplasms
  12 goblins
  A hobgoblin (D:1)
  8 jackals
  2 quokkas (D:1)
  3 frilled lizards (D:1)
  6 kobolds
  3 rats
100 creatures vanquished.

Notes
Turn   | Place    | Note
-------+----------+-------------------------------------------
     0 | D:1      | lunkers the Meteoran Fighter began the quest for the Orb.
     0 | D:1      | Reached XP level 1. HP: 19/19 MP: 2/2
    83 | D:1      | Reached XP level 2. HP: 21/26 MP: 3/3
   202 | D:1      | Reached XP level 3. HP: 28/31 MP: 4/4
   320 | D:1      | Reached XP level 4. HP: 30/38 MP: 5/5
   619 | D:2      | Found a faded altar of an unknown god.
   722 | D:2      | Reached skill level 5 in Long Blades
   918 | D:2      | Reached XP level 5. HP: 20/45 MP: 6/6
   963 | D:3      | Noticed Ijyb
   987 | D:3      | Killed Ijyb
  1045 | D:3      | Found a blossoming altar of Fedhas.
  1091 | D:3      | Reached skill level 1 in Short Blades
  1120 | D:3      | Identified the +2 spear of Internal Strife {flame, Will+
                  | Str-2 Dex+2}
  1142 | D:3      | Found a sparkling altar of Nemelex Xobeh.
  1218 | D:3      | Reached XP level 6. HP: 51/51 MP: 7/7
  1687 | D:4      | Reached skill level 2 in Short Blades
  1752 | D:4      | Found a runed translucent door.
  1753 | D:4      | Noticed Crazy Yiuf
  1759 | D:4      | Killed Crazy Yiuf
  1760 | D:4      | Reached skill level 3 in Short Blades
  1830 | D:4      | Found a burning altar of Makhleb.
  1830 | D:4      | Found a radiant altar of Vehumet.
  1945 | D:4      | Found a staircase to the Ecumenical Temple.
  1949 | D:4      | Noticed a black bear
  1950 | D:4      | Noticed Duvessa
  1950 | D:4      | Noticed Dowan
  1965 | D:4      | Killed a black bear
  1966 | D:4      | Reached skill level 4 in Short Blades
  1966 | D:4      | Reached XP level 7. HP: 46/57 MP: 8/8
  2010 | D:4      | Killed Duvessa
  2011 | D:4      | Reached skill level 5 in Short Blades
  2021 | D:4      | Killed Dowan
  2029 | D:4      | Reached skill level 6 in Short Blades
  2066 | Temple   | Entered the Ecumenical Temple
  2240 | Temple   | Became a worshipper of Uskayaw the Reveller
  2325 | D:4      | Reached * piety under Uskayaw
  2328 | D:4      | Reached ** piety under Uskayaw
  2386 | D:4      | Noticed Blork the orc
  2401 | D:4      | Reached *** piety under Uskayaw
  2402 | D:4      | Killed Blork the orc
  2403 | D:4      | Reached XP level 8. HP: 43/63 MP: 9/9
  2428 | D:4      | Reached skill level 1 in Invocations
  2561 | D:4      | Noticed Eustachio
  2572 | D:4      | Reached skill level 7 in Short Blades
  2572 | D:4      | Glimpsed the power of Zot.
  2607 | D:4      | Killed Eustachio
  2607 | D:4      | Reached **** piety under Uskayaw
  2624 | D:5      | Entered Level 5 of the Dungeon
  2817 | D:5      | Reached skill level 8 in Short Blades
  2817 | D:5      | Reached skill level 5 in Invocations
  2817 | D:5      | Gained mutation: You passively map the area around you.
                  | [Meteoran growth]
  2817 | D:5      | Reached XP level 9. HP: 70/70 MP: 13/13
  3002 | D:5      | Slain by an ogre

Illustrated notes

Levels and vault maps discovered:
D:1:      minmay_arrival_cross, layout_basic
D:2:      minmay_diamond_boxcup, layout_basic,
          hellmonk_ecumenical_altar_heavens_door, minmay_misc_feat_nine_boxes,
          minmay_fractal_squares_5
D:3:      minmay_door_path, layout_rooms, nemelex_dance_club_becter,
          nicolae_overflow_crystal_walls, corexii_item_surrounded_by_moat,
          uniq_ijyb
D:4:      cheibrodos_greedy_goblins, layout_rooms,
          grunt_temple_overflow_lords_of_destruction,
          minmay_temple_entry_stoned_glass, grunt_decor_one_mirror,
          grunt_tough_drop, uniq_eustachio, uniq_crazy_yiuf_cottage,
          uniq_duvessa, uniq_blork_the_orc
D:5:      layout_basic, beargit_hepliaklqana_dungeon_heroes,
          grunt_temple_overflow_open
Temple:   hellmonk_temple_forest_ring

Skill      XL: |  1  2  3  4  5  6  7  8 |
---------------+-------------------------+-----
Long Blades    | 3 4 5 6 |  6.2
Short Blades   | 1 4 6 8 |  8.3
Invocations    | 5 |  5.4
Fighting       | |  3.2
Armour         | |  3.6
Shields        | |  3.6

Action                     |  1- 3 |  4- 6 |  7- 9 || total
---------------------------+-------+-------+-------++-------
  Melee: Long sword        |    68 |       |       ||    68
         Dagger            |     3 |   220 |   260 ||   483
    Use: Scroll            |       |       |     9 ||     9
   Stab: Paralysed         |       |       |     5 ||     5
 Armour: Scale mail        |    42 |    70 |    84 ||   196
         Leather armour    |       |       |    29 ||    29
  Dodge: Dodged            |    28 |    57 |    91 ||   176
  Block: Buckler           |    27 |    45 |    62 ||   134

Table legend: (Time is in decaauts)
 A = Elapsed time spent in this place.
 B = Non-inter-level travel time spent in this place.
 C = Inter-level travel time spent in this place.
 D = Time resting spent in this place.
 E = Time spent auto-exploring this place.
 F = Levels seen in this place.
 G = Mean time per level.
                   A        B        C        D        E       F      G
               +--------+--------+--------+--------+--------+-----+--------+
         Total |   2897 |   2754 |    143 |     16 |   1639 |   6 |  482.8 |
       Dungeon |   2681 |   2551 |    130 |      0 |   1506 |   5 |  536.2 |
        Temple |    215 |    202 |     13 |     16 |    133 |   1 |  215.0 |
               +--------+--------+--------+--------+--------+-----+--------+

Top non-repeatable levels by time:
     D:3: 698 daAuts
     D:4: 668 daAuts
     D:1: 525 daAuts
     D:2: 449 daAuts
     D:5: 339 daAuts
  Temple: 215 daAuts
